[Event "Titled Tuesday Blitz August 24 2021"]
[White "Odegov, Artem"]
[Black "Hovhannisyan, Robert"]
[WhiteFideId "34183644"]
[BlackFideId "13302507"]
[WhiteElo "2257"]
[BlackElo "2669"]
[Result "0-1"]
[Round "01"]
[TimeControl "180+1"]
[Date "2021.08.24"]
[WhiteClock "0:00:05"]
[BlackClock "0:00:21"]

1. d4 Nc6 2. Nf3 d6 3. d5 Ne5 4. Nxe5 dxe5 5. c4 e6 6. Nc3 Nf6 7. e4 Bc5 8. Be2 O-O 9. O-O Bd4 10. Qc2 exd5 11. cxd5 c6 12. Bf3 h6 13. Be3 Bxe3 14. fxe3 Qb6 15. Rae1 Bd7 16. Kh1 Rac8 17. Na4 Qa5 18. d6 c5 19. Nc3 Rc6 20. Rd1 Rd8 21. Rd2 Be6 22. Rfd1 b5 23. Be2 a6 24. Bf1 Qb6 25. Nd5 Bxd5 26. exd5 Rcxd6 27. e4 c4 28. b3 cxb3 29. axb3 Ng4 30. Qb2 Rf6 31. h3 Nf2+ 32. Kh2 Nxd1 33. Rxd1 Re8 34. Bd3 Qf2 35. Qd2 Qxd2 36. Rxd2 Rb6 37. b4 g6 38. Be2 Rbb8 39. Ra2 Rb6 40. Bg4 h5 41. Bd7 Rd8 42. Bc6 Rd6 43. Rc2 Kg7 44. Kg3 f5 45. Kf3 h4 46. Ke3 Kf6 47. Kd3 Rd8 48. Ke3 Ke7 49. Rf2 Rf8 50. exf5 Rxf5 51. Re2 Kd6 52. Kd3 Rf4 53. Rc2 Rxb4 54. Ba8 Rd4+ 55. Ke3 b4 56. Rc8 b3 57. Rd8+ Ke7 58. Rg8 b2 59. Rg7+ Kf6 60. Ra7 b1=Q 0-1


[Site "https://www.chess.com"]

[Event "Titled Tuesday Blitz August 24 2021"]
[White "Pajeken, Jakob Leon"]
[Black "Goltsev, Dmitry"]
[WhiteFideId "12942839"]
[BlackFideId "24176710"]
[WhiteElo "2231"]
[BlackElo "2369"]
[Result "1-0"]
[Round "01"]
[TimeControl "180+1"]
[Date "2021.08.24"]
[WhiteClock "0:00:11"]
[BlackClock "0:00:01"]

1. d4 d5 2. Nf3 c6 3. e3 Nf6 4. Bd3 Bg4 5. h3 Bh5 6. g4 Bg6 7. Ne5 Nbd7 8. f4 Be4 9. O-O e6 10. Be2 h5 11. g5 Nxe5 12. dxe5 Nd7 13. Nc3 Bf5 14. h4 Bc5 15. Na4 Be7 16. b3 b5 17. Nb2 Qb6 18. a4 Bc5 19. Rf3 a5 20. Qf1 d4 21. axb5 dxe3 22. Na4 Qa7 23. Nxc5 Qxc5 24. Bxe3 Qxc2 25. Rc1 Qxb3 26. bxc6 Nb6 27. Bc5 Qb2 28. Bb5 f6 29. Bxb6 Kf7 30. c7 Be4 31. Re3 Bb7 32. exf6 gxf6 33. Rce1 Bd5 34. Rxe6 Bxe6 35. Rxe6 Qc3 36. Rxf6+ Kg7 37. Bc4 Qg3+ 38. Qg2 Qe1+ 39. Bf1 Rhe8 40. Bd4 Qd1 41. Rd6+ Kf8 42. Qa2 Qg4+ 43. Qg2 Qxh4 44. Rd7 1-0


[Site "https://www.chess.com"]

[Event "Titled Tuesday Blitz August 24 2021"]
[White "Palchuk, Andrii"]
[Black "Tristan, Leonardo"]
[WhiteFideId "14176688"]
[BlackFideId "113816"]
[WhiteElo "2320"]
[BlackElo "2404"]
[Result "0-1"]
[Round "01"]
[TimeControl "180+1"]
[Date "2021.08.24"]
[WhiteClock "0:00:12"]
[BlackClock "0:00:27"]

1. e4 d5 2. exd5 Qxd5 3. Nc3 Qa5 4. d4 Nf6 5. Nf3 Bf5 6. Bd3 Nc6 7. O-O e6 8. Be3 Be7 9. Ne2 O-O 10. c3 Bxd3 11. Qxd3 Rad8 12. Qc2 Qd5 13. Bf4 Bd6 14. Rfe1 Rfe8 15. Bxd6 cxd6 16. Nf4 Qa5 17. Nd3 e5 18. dxe5 dxe5 19. b4 Qd5 20. Nc5 b6 21. Rad1 Qc4 22. Qb3 Qxb3 23. Nxb3 e4 24. Nfd4 Ne5 25. Nb5 Nd3 26. Re2 Nd5 27. f3 a6 28. fxe4 axb5 29. Rxd3 Nf4 30. Rxd8 Nxe2+ 31. Kf2 Rxd8 32. Kxe2 Ra8 33. Nd4 Rxa2+ 34. Kf3 g5 35. Nxb5 h5 36. h3 Kg7 37. g3 Rh2 38. Nd6 Rxh3 39. Kg2 g4 40. Nc4 h4 41. gxh4 Rxc3 42. Nxb6 Kg6 43. Nd5 Rb3 44. Kf2 Kh5 45. Ne3 Kxh4 46. Nf5+ Kh3 47. Nd6 g3+ 48. Kg1 Rb1# 0-1


[Site "https://www.chess.com"]

[Event "Titled Tuesday Blitz August 24 2021"]
[White "Paravyan, David"]
[Black "Kazakov, Mikhail"]
[WhiteFideId "4194985"]
[BlackFideId "14102749"]
[WhiteElo "2562"]
[BlackElo "2373"]
[Result "1/2-1/2"]
[Round "01"]
[TimeControl "180+1"]
[Date "2021.08.24"]
[WhiteClock "0:00:19"]
[BlackClock "0:00:22"]

1. e4 e5 2. Nf3 Nc6 3. Nc3 Nf6 4. d4 exd4 5. Nxd4 Bb4 6. Nxc6 bxc6 7. Bd3 d5 8. exd5 cxd5 9. O-O O-O 10. Bg5 c6 11. a3 Bd6 12. Re1 h6 13. Bh4 a5 14. Qf3 Rb8 15. Bxf6 Qxf6 16. Qxf6 gxf6 17. Rab1 Be5 18. Na4 Bg4 19. h3 Bh5 20. b4 axb4 21. axb4 Bg6 22. Bxg6 fxg6 23. Nc5 Rfd8 24. Nd3 Bd6 25. Ra1 Rd7 26. Ra6 Rc8 27. g3 Kf7 28. Kg2 h5 29. h4 Re7 30. Rea1 Rcc7 31. b5 Be5 32. b6 Rb7 33. R1a5 Bd4 34. Nc5 Rb8 35. b7 Bxc5 36. Rxc5 Rc7 37. Raxc6 Rxc6 38. Rxc6 Rxb7 39. Kf3 Rb4 40. Ke3 Re4+ 41. Kd3 g5 42. Rc5 Ke6 43. f3 Re1 44. c4 dxc4+ 45. Kxc4 Rc1+ 46. Kd4 Rxc5 47. Kxc5 gxh4 48. gxh4 Kf5 49. Kd5 Kf4 50. Ke6 Kxf3 51. Kxf6 Kg4 52. Ke5 Kxh4 53. Kf4 Kh3 54. Kf3 Kh2 55. Kf2 Kh1 56. Kf1 Kh2 57. Kf2 Kh1 58. Kf1 Kh2 59. Kf2 1/2-1/2


[Site "https://www.chess.com"]

[Event "Titled Tuesday Blitz August 24 2021"]
[White "Pavlov, Danila"]
[Black "harlem4brew"]
[WhiteFideId "34126594"]
[WhiteElo "2323"]
[BlackElo "2398"]
[Result "0-1"]
[Round "01"]
[TimeControl "180+1"]
[Date "2021.08.24"]
[WhiteClock "0:00:04"]
[BlackClock "0:00:25"]

1. e4 c5 2. Nf3 d6 3. d4 cxd4 4. Nxd4 Nf6 5. Nc3 a6 6. Be3 b5 7. a4 b4 8. Nd5 Nxd5 9. exd5 Bb7 10. Bc4 Nd7 11. a5 Ne5 12. Bb3 g6 13. f4 Nd7 14. Nc6 Qc7 15. Ba4 Bg7 16. O-O Nc5 17. Bxc5 dxc5 18. Nxe7+ Kf8 19. d6 Qd8 20. Kh1 Bxb2 21. Rb1 Bd4 22. Re1 Qxd6 23. c3 Bxg2+ 24. Kxg2 bxc3 25. Rb6 Qxf4 26. Qf3 Qg5+ 27. Kh1 Kg7 28. Rb7 Rab8 29. Rc7 Rb2 30. Rf1 Rf8 31. Nd5 Kh8 32. Re7 Be5 33. Rf2 Rb1+ 34. Rf1 Rxf1+ 35. Qxf1 Bd6 36. Qf3 Bxe7 37. Qxc3+ Kg8 38. Bb3 Rd8 39. Qf3 c4 0-1


[Site "https://www.chess.com"]

[Event "Titled Tuesday Blitz August 24 2021"]
[White "Pires, Marcos Vinicius Torsani"]
[Black "Yeletsky, Ivan"]
[WhiteFideId "2118939"]
[BlackFideId "24180327"]
[WhiteElo "2273"]
[BlackElo "2344"]
[Result "0-1"]
[Round "01"]
[TimeControl "180+1"]
[Date "2021.08.24"]
[WhiteClock "0:00:11"]
[BlackClock "0:00:15"]

1. d4 Nf6 2. Bf4 d6 3. e3 c6 4. Nf3 Nbd7 5. Be2 Nh5 6. Bg5 h6 7. Bh4 g5 8. Nfd2 Ng7 9. Bg3 Nf5 10. c4 e5 11. dxe5 dxe5 12. Nc3 Bg7 13. Qc2 Nc5 14. b4 Nxg3 15. hxg3 Ne6 16. a3 O-O 17. Rd1 Qe7 18. c5 b6 19. cxb6 axb6 20. Qb3 b5 21. O-O f5 22. g4 fxg4 23. Bxg4 Kh8 24. Nce4 Nd4 25. exd4 Bxg4 26. f3 Be6 27. Qc2 Bd5 28. dxe5 Qxe5 29. Nf2 Rxa3 30. Nde4 Ra2 31. Qc5 Qf4 32. Qd6 Qxd6 33. Nxd6 Rb2 34. Rb1 Ra8 35. Rxb2 Bxb2 36. Nfe4 Ra1 37. Rxa1 Bxa1 38. Nf5 Kh7 39. Nc5 Bc3 40. Ne7 Bxb4 41. Nxd5 Bxc5+ 0-1


[Site "https://www.chess.com"]

[Event "Titled Tuesday Blitz August 24 2021"]
[White "Postny, Evgeny"]
[Black "Miszler, Levente"]
[WhiteFideId "2804344"]
[BlackFideId "763276"]
[WhiteElo "2521"]
[BlackElo "1967"]
[Result "1-0"]
[Round "01"]
[TimeControl "180+1"]
[Date "2021.08.24"]
[WhiteClock "0:01:48"]
[BlackClock "0:01:03"]

1. Nf3 Nf6 2. c4 e6 3. g3 d5 4. Bg2 Be7 5. O-O O-O 6. b3 b6 7. Bb2 Bb7 8. d4 Nbd7 9. Nc3 c5 10. cxd5 Nxd5 11. Nxd5 Bxd5 12. Re1 Nf6 13. Qd3 Be4 14. Qe3 Qd5 15. Rad1 Ng4 16. Qf4 Qf5 17. Qxf5 exf5 18. h3 Nf6 19. Ne5 Rac8 20. d5 Bd6 21. Nc4 Rfd8 22. Bxf6 gxf6 23. f3 Bxg3 24. fxe4 Bxe1 25. Rxe1 fxe4 26. Bxe4 b5 27. Na5 c4 28. Nc6 Rc7 29. Nxd8 1-0


[Site "https://www.chess.com"]

[Event "Titled Tuesday Blitz August 24 2021"]
[White "Praggnanandhaa R"]
[Black "Kubicka, Anna"]
[WhiteFideId "25059530"]
[BlackFideId "1152254"]
[WhiteElo "2555"]
[BlackElo "2010"]
[Result "1-0"]
[Round "01"]
[TimeControl "180+1"]
[Date "2021.08.24"]
[WhiteClock "0:02:09"]
[BlackClock "0:00:16"]

1. Nf3 d5 2. g3 g6 3. Bg2 Bg7 4. O-O e5 5. d3 Nc6 6. e4 Nge7 7. Nbd2 h6 8. Re1 Be6 9. exd5 Nxd5 10. Nc4 f6 11. d4 Nde7 12. Qe2 Nxd4 13. Nxd4 Qxd4 14. Na5 O-O 15. Be3 Qxb2 16. Rab1 Qa3 17. Nxb7 Rab8 18. Bc5 Qxa2 19. Ra1 Qb2 20. Reb1 Qc3 21. Bxe7 Rfe8 22. Bb4 Qc4 23. Qxc4 Bxc4 24. Rxa7 e4 25. Bc5 f5 26. Bf1 Bd5 27. Rb4 Ra8 28. Bc4 Bxc4 29. Rxc4 Rxa7 30. Bxa7 Ra8 31. Be3 Be5 32. Rc5 Rb8 33. Rxe5 Rxb7 34. Rc5 Kg7 35. Rc6 g5 36. h4 gxh4 37. gxh4 h5 38. Kg2 Kf7 39. Kg3 Ke7 40. Kf4 Kd7 41. Rh6 Rb2 42. c4 Rc2 43. c5 1-0


[Site "https://www.chess.com"]

[Event "Titled Tuesday Blitz August 24 2021"]
[White "Rakhmanov, Aleksandr"]
[Black "Brunner, Nicolas"]
[WhiteFideId "4173708"]
[BlackFideId "620246"]
[WhiteElo "2498"]
[BlackElo "2372"]
[Result "1-0"]
[Round "01"]
[TimeControl "180+1"]
[Date "2021.08.24"]
[WhiteClock "0:01:49"]
[BlackClock "0:01:36"]

1. c4 c5 2. Nc3 Nc6 3. g3 g6 4. Bg2 Bg7 5. b3 e5 6. Bb2 Nge7 7. e3 O-O 8. d3 d6 9. Nge2 Be6 10. Nd5 Qd7 11. Qd2 Bh3 12. O-O Bxg2 13. Kxg2 f5 14. f4 Nxd5 15. cxd5 Ne7 16. e4 b6 17. Rae1 Rae8 18. h3 Kh8 19. Ng1 exf4 20. Bxg7+ Kxg7 21. gxf4 fxe4 22. dxe4 Rf7 23. Nf3 h6 24. e5 dxe5 25. Nxe5 Qxd5+ 26. Qxd5 Nxd5 27. Nxf7 Nxf4+ 28. Kf3 1-0


[Site "https://www.chess.com"]

[Event "Titled Tuesday Blitz August 24 2021"]
[White "Rodchenkov, Vitaly"]
[Black "Pichot, Alan"]
[WhiteFideId "4152964"]
[BlackFideId "110973"]
[WhiteElo "2337"]
[BlackElo "2622"]
[Result "1/2-1/2"]
[Round "01"]
[TimeControl "180+1"]
[Date "2021.08.24"]
[WhiteClock "0:00:57"]
[BlackClock "0:00:56"]

1. e4 g6 2. d4 Bg7 3. Nf3 d6 4. c3 a6 5. Bd3 e6 6. O-O Ne7 7. Re1 h6 8. Nbd2 b6 9. Nf1 Bb7 10. Ng3 Nd7 11. b4 O-O 12. a4 c5 13. bxc5 bxc5 14. Rb1 Bc6 15. Bf4 Qc7 16. h4 Rfd8 17. Qd2 h5 18. Bg5 Re8 19. Qf4 e5 20. dxe5 Nxe5 21. Nxe5 Bxe5 22. Qf3 Bd7 23. Bc4 Be6 24. Bxe6 fxe6 25. Ne2 Nc6 26. Nf4 Qf7 27. Qe3 Rf8 28. g3 Rab8 29. Qd3 a5 30. Rxb8 Rxb8 31. Rb1 Rxb1+ 32. Qxb1 Bxf4 33. Bxf4 e5 34. Be3 Qd7 35. Qb5 Kg7 36. Kg2 Qc7 37. Bg5 Nd8 38. Qe8 Nc6 39. f4 Qb7 40. Kh3 Qb1 41. Qd7+ Kg8 42. Qe8+ Kg7 43. Qd7+ Kg8 44. Qe8+ Kg7 1/2-1/2


[Site "https://www.chess.com"]

[Event "Titled Tuesday Blitz August 24 2021"]
[White "Rustemov, Alexander"]
[Black "Navalgund, Niranjan"]
[WhiteFideId "4119002"]
[BlackFideId "5030854"]
[WhiteElo "2745"]
[BlackElo "2290"]
[Result "1-0"]
[Round "01"]
[TimeControl "180+1"]
[Date "2021.08.24"]
[WhiteClock "0:01:27"]
[BlackClock "0:00:54"]

1. d4 Nf6 2. c4 e6 3. Nf3 Bb4+ 4. Bd2 c5 5. Bxb4 cxb4 6. g3 O-O 7. Bg2 b6 8. O-O Bb7 9. Qb3 Nc6 10. Rd1 a5 11. a3 a4 12. Qd3 d6 13. axb4 Nxb4 14. Qd2 Nc6 15. Nc3 Na5 16. Rxa4 Bc6 17. Rb4 Qc7 18. d5 exd5 19. cxd5 Bd7 20. Qd4 Rfb8 21. Nd2 Qc5 22. h3 h6 23. Nde4 Nxe4 24. Nxe4 Qc7 25. Qc3 Qd8 26. Nxd6 Bxh3 27. Nxf7 Kxf7 28. Bxh3 Qd6 29. Be6+ Ke7 30. Qxg7+ Kd8 1-0


[Site "https://www.chess.com"]

[Event "Titled Tuesday Blitz August 24 2021"]
[White "Sarana, Alexey"]
[Black "Danielian, Vardan"]
[WhiteFideId "24133795"]
[BlackFideId "13301594"]
[WhiteElo "2646"]
[BlackElo "2470"]
[Result "1-0"]
[Round "01"]
[TimeControl "180+1"]
[Date "2021.08.24"]
[WhiteClock "0:00:17"]
[BlackClock "0:00:10"]

1. e4 c5 2. Nf3 d6 3. d4 cxd4 4. Nxd4 Nf6 5. Nc3 g6 6. Be3 Bg7 7. f3 O-O 8. Qd2 Nc6 9. O-O-O Nxd4 10. Bxd4 Be6 11. Kb1 Qc7 12. h4 Rfc8 13. h5 Qa5 14. hxg6 hxg6 15. a3 Rab8 16. g4 b5 17. Nd5 Qxd2 18. Rxd2 Bxd5 19. exd5 Nd7 20. Bxa7 Rb7 21. Be3 Ne5 22. Rf2 Nc4 23. Bc1 b4 24. Bxc4 Rxc4 25. a4 b3 26. cxb3 Rxb3 27. Rc2 Rbb4 28. a5 Rxc2 29. Kxc2 Rb5 30. Bd2 Rxb2+ 31. Kd3 Ra2 32. Rb1 f5 33. gxf5 gxf5 34. Rb6 Kf7 35. a6 Bd4 36. Kxd4 Rxd2+ 37. Kc4 Ra2 38. Kb5 Kf6 39. f4 Kg6 40. Kc6 Kh5 41. Kd7 Kg4 42. Kxe7 Kxf4 43. Kxd6 Ke4 44. Ke6 f4 45. d6 f3 46. d7 Rd2 47. a7 1-0


[Site "https://www.chess.com"]

[Event "Titled Tuesday Blitz August 24 2021"]
[White "Silva, Miguel Antonio Neto"]
[Black "Ponikarovsky, Alexey"]
[WhiteFideId "1911929"]
[BlackFideId "4122887"]
[WhiteElo "2283"]
[BlackElo "1944"]
[Result "0-1"]
[Round "01"]
[TimeControl "180+1"]
[Date "2021.08.24"]
[WhiteClock "0:00:47"]
[BlackClock "0:01:14"]

1. e4 c5 2. Nf3 a6 3. c3 e6 4. d4 cxd4 5. cxd4 d5 6. exd5 Bb4+ 7. Bd2 Bxd2+ 8. Qxd2 exd5 9. Be2 Nf6 10. O-O Ne4 11. Qd1 O-O 12. Nc3 Nc6 13. Bd3 Bf5 14. h3 Re8 15. Rc1 Rc8 16. a3 h6 17. Qb3 Nxc3 18. Rxc3 Bxd3 19. Rxd3 b5 20. Rc3 Na5 21. Rxc8 Nxb3 22. Rxd8 Rxd8 23. Re1 Rc8 24. Re2 Rc1+ 25. Kh2 Kf8 26. Re5 Rc2 27. Rxd5 Rxf2 28. Ne5 Rxb2 29. Rd8+ Ke7 30. Rd7+ Ke6 31. Rxf7 Nxd4 32. Nd3 Kxf7 33. Nxb2 Ke6 34. Kg3 Kd5 35. Kf4 g6 36. h4 Ne6+ 37. Ke3 Kc5 38. g4 a5 39. Ke4 Kd6 40. h5 gxh5 41. gxh5 Ng7 42. a4 Kc5 43. Nd3+ Kc4 44. Ne5+ Kc5 45. axb5 Kxb5 46. Kd3 Nxh5 47. Ng4 Nf4+ 48. Ke4 h5 49. Nf6 a4 50. Kxf4 a3 51. Nd5 Kc4 52. Ne3+ Kd3 53. Nd5 Kc4 54. Ne3+ Kc3 55. Nd5+ Kb3 0-1


[Site "https://www.chess.com"]

[Event "Titled Tuesday Blitz August 24 2021"]
[White "Sliwicki, Damian"]
[Black "Seliverstov, Vladimir"]
[WhiteFideId "1127128"]
[BlackFideId "4192036"]
[WhiteElo "2142"]
[BlackElo "2489"]
[Result "0-1"]
[Round "01"]
[TimeControl "180+1"]
[Date "2021.08.24"]
[WhiteClock "0:00:01"]
[BlackClock "0:01:20"]

1. e4 g6 2. d4 Bg7 3. Nc3 d6 4. Bg5 a6 5. Qd2 b5 6. O-O-O Nd7 7. Nf3 Bb7 8. Bd3 c5 9. d5 Qa5 10. Kb1 c4 11. Bf1 b4 12. Ne2 c3 13. Qd3 Nc5 14. Qc4 Rc8 15. e5 Na4 16. Qg4 Nxb2 17. exd6 exd6 18. Re1 Kf8 19. Ned4 Nf6 20. Qf4 Bxd5 21. Qxd6+ Kg8 22. Nb3 Bxb3 23. axb3 Qa3 24. Bc1 Bh6 25. Qxf6 Bxc1 26. Qxa6 Na4 27. Qxc8+ Kg7 28. Qxh8+ Kxh8 29. Rxc1 Qb2# 0-1


[Site "https://www.chess.com"]

[Event "Titled Tuesday Blitz August 24 2021"]
[White "Srihari L R"]
[Black "Filippova, Margarita"]
[WhiteFideId "46617116"]
[BlackFideId "34199680"]
[WhiteElo "2121"]
[BlackElo "1829"]
[Result "1-0"]
[Round "01"]
[TimeControl "180+1"]
[Date "2021.08.24"]
[WhiteClock "0:00:28"]
[BlackClock "0:00:37"]

1. c4 Nf6 2. Nc3 c5 3. Nf3 Nc6 4. g3 g6 5. Bg2 Bg7 6. O-O O-O 7. d4 cxd4 8. Nxd4 Re8 9. Nb3 d6 10. h3 Be6 11. Nd5 Qd7 12. Kh2 Ne5 13. Nd4 Nxc4 14. Nxe6 fxe6 15. Nf4 Rac8 16. Qb3 Kh8 17. Bxb7 Rc7 18. Ba6 d5 19. Bb5 Na5 20. Bxd7 Nxb3 21. Bxe8 Nxa1 22. Nxe6 Rc8 23. Ba4 Nc2 24. Bd2 Ne4 25. Bc1 Nd4 26. Nxg7 Kxg7 27. Be3 Nc2 28. Rc1 Nxe3 29. Rxc8 Nxf2 30. Rc7 Kf6 31. Rxa7 Ne4 32. Ra6+ e6 33. b4 Nf1+ 34. Kg2 Nfxg3 35. Bd7 Nxe2 36. Rxe6+ Kf7 37. Re5 Nf4+ 38. Kf3 Nd3 39. Rxd5 Nd2+ 40. Ke3 1-0


[Site "https://www.chess.com"]

[Event "Titled Tuesday Blitz August 24 2021"]
[White "Starozhilov, Leonid"]
[Black "Prydun, Andriy"]
[WhiteFideId "14106752"]
[BlackFideId "14145898"]
[WhiteElo "2414"]
[BlackElo "2047"]
[Result "1/2-1/2"]
[Round "01"]
[TimeControl "180+1"]
[Date "2021.08.24"]
[WhiteClock "0:00:05"]
[BlackClock "0:00:03"]

1. e4 e6 2. d3 d5 3. Nd2 Nf6 4. Ngf3 c5 5. c3 Nc6 6. Be2 Bd6 7. O-O O-O 8. a3 a5 9. Re1 b6 10. Bf1 Nd7 11. d4 cxd4 12. cxd4 Ba6 13. Bxa6 Rxa6 14. exd5 exd5 15. Nf1 Nf6 16. Ng3 Bxg3 17. hxg3 Ne4 18. Be3 Ra8 19. Rc1 Rc8 20. Qa4 Ne7 21. Ne5 Nf5 22. Nd7 Rxc1 23. Bxc1 Re8 24. f3 b5 25. Qxb5 Ned6 26. Rxe8+ Qxe8 27. Qc6 Qe1+ 28. Kh2 Qxg3+ 29. Kg1 Qe1+ 30. Kh2 Qh4+ 31. Kg1 Qxd4+ 32. Kh2 Qc4 33. Qa8+ Qc8 34. Qxc8+ Nxc8 35. b4 axb4 36. axb4 Ncd6 37. Bf4 Nb5 38. Nc5 d4 39. Kg1 Ne7 40. Kf2 Nd5 41. Bd2 Nbc3 42. Nd3 Kf8 43. g4 Ke7 44. Nc5 Kd6 45. Nd3 Kc6 46. Ne5+ Kb5 47. Nxf7 Nb1 48. Be1 d3 49. Ng5 d2 50. Bxd2 Nxd2 51. Nxh7 Nc4 52. Ng5 Ne5 53. Ne6 g6 54. Kg3 Kxb4 55. f4 Nd7 56. f5 gxf5 57. gxf5 N7f6 1/2-1/2


[Site "https://www.chess.com"]

[Event "Titled Tuesday Blitz August 24 2021"]
[White "Svane, Frederik"]
[Black "Shishkov, Andrei"]
[WhiteFideId "12923044"]
[BlackFideId "4500563"]
[WhiteElo "2459"]
[BlackElo "2322"]
[Result "1-0"]
[Round "01"]
[TimeControl "180+1"]
[Date "2021.08.24"]
[WhiteClock "0:01:07"]
[BlackClock "0:00:20"]

1. e4 d5 2. exd5 Nf6 3. Nf3 Nxd5 4. d4 Bg4 5. h3 Bh5 6. g4 Bg6 7. Bg2 Nc6 8. O-O e6 9. c4 Ndb4 10. Na3 h5 11. g5 h4 12. Be3 Be7 13. Qd2 a6 14. b3 Qd6 15. c5 Qd7 16. Nc4 Nc2 17. Nfe5 Nxe5 18. Nxe5 Qb5 19. Nxg6 Nxe3 20. Qxe3 fxg6 21. Qxe6 Qd7 22. Qxg6+ Kf8 23. Rae1 c6 24. Re5 Kg8 25. Rfe1 Bf8 26. Bf1 Rh7 27. Bc4+ Kh8 28. Bd3 1-0


[Site "https://www.chess.com"]

[Event "Titled Tuesday Blitz August 24 2021"]
[White "Svane, Rasmus"]
[Black "Boskovic, Drasko"]
[WhiteFideId "4657101"]
[BlackFideId "927368"]
[WhiteElo "2669"]
[BlackElo "2388"]
[Result "1-0"]
[Round "01"]
[TimeControl "180+1"]
[Date "2021.08.24"]
[WhiteClock "0:00:47"]
[BlackClock "0:00:11"]

1. Nf3 Nf6 2. g3 g6 3. Bg2 Bg7 4. O-O O-O 5. d4 d5 6. c4 c6 7. Qb3 Qb6 8. Nc3 Qxb3 9. axb3 a6 10. Bf4 Nbd7 11. cxd5 cxd5 12. Rfc1 e6 13. Na4 Ne4 14. e3 h6 15. h4 b5 16. Nc3 Nxc3 17. Rxc3 Re8 18. Rc7 Kh7 19. Bf1 Rb8 20. Rac1 f6 21. Ra7 e5 22. dxe5 fxe5 23. Bh3 exf4 24. Bxd7 Re7 25. Rcc7 Bxd7 26. Rxd7 Rxd7 27. Rxd7 fxe3 28. fxe3 Kg8 29. Rd6 a5 30. Rxg6 Kh7 31. Ra6 Bxb2 32. Rxa5 Kg6 33. Ra6+ Kf5 34. Kf2 h5 35. Rh6 Ra8 36. Rxh5+ Ke4 37. Nd2+ Kd3 38. Rxd5+ Kc3 39. Ne4+ Kxb3 40. Rxb5+ Ka3 41. Nd2 1-0


[Site "https://www.chess.com"]

[Event "Titled Tuesday Blitz August 24 2021"]
[White "Tanenbaum, Zachary"]
[Black "Serikbay, Assel"]
[WhiteFideId "2060850"]
[BlackFideId "13706799"]
[WhiteElo "2165"]
[BlackElo "2044"]
[Result "0-1"]
[Round "01"]
[TimeControl "180+1"]
[Date "2021.08.24"]
[WhiteClock "0:00:06"]
[BlackClock "0:00:05"]

1. e4 c5 2. Nf3 Nc6 3. Nc3 e6 4. d4 cxd4 5. Nxd4 Nf6 6. Ndb5 Bb4 7. a3 Bxc3+ 8. Nxc3 d5 9. exd5 exd5 10. Qe2+ Be6 11. Bg5 O-O 12. O-O-O h6 13. Bh4 g5 14. Bg3 Re8 15. Qd2 d4 16. Nb5 Ne4 17. Qd3 Bf5 18. Qf3 Qd7 19. Nc7 Bg4 20. Nxe8 Bxf3 21. gxf3 Rxe8 22. fxe4 Ne5 23. f4 Ng4 24. Bd3 Ne3 25. Rdg1 Kf8 26. h4 g4 27. f5 b5 28. Bf4 h5 29. Re1 Ng2 30. Bh6+ Kg8 31. Re2 Ne3 32. Rhe1 b4 33. axb4 Qa4 34. Kb1 Qxb4 35. Bxe3 dxe3 36. c3 Qd6 37. Rxe3 Re5 38. Kc2 a5 39. Ra1 Qb6 40. Rae1 a4 41. R3e2 a3 42. bxa3 Ra5 43. Bc4 Rxa3 44. Kd3 Qd6+ 45. Bd5 Qe5 46. Rc2 Qg3+ 47. Re3 Qd6 48. Kd4 Ra4+ 49. c4 Qb6+ 50. Kd3 Ra3+ 51. Rc3 Rxc3+ 52. Kxc3 Qxe3+ 53. Kb4 g3 54. c5 g2 55. c6 g1=Q 56. c7 Qb1+ 57. Kc4 Qec1+ 58. Kd4 Qxc7 59. Ke3 Qbc1+ 60. Kd4 Q7c5+ 61. Ke5 Q1c3+ 62. Kf4 Qd6+ 63. Kg5 Qcf6+ 64. Kxh5 Qg3 65. Bc4 Qh8# 0-1


[Site "https://www.chess.com"]

[Event "Titled Tuesday Blitz August 24 2021"]
[White "Tang, Andrew"]
[Black "Bouchet, Sebastien"]
[WhiteFideId "2059630"]
[BlackFideId "623571"]
[WhiteElo "2588"]
[BlackElo "2453"]
[Result "1-0"]
[Round "01"]
[TimeControl "180+1"]
[Date "2021.08.24"]
[WhiteClock "0:00:06"]
[BlackClock "0:00:10"]

1. a4 d5 2. Ra3 e5 3. Rg3 Nf6 4. b3 g6 5. Bb2 Nc6 6. Nf3 Qe7 7. e3 Bg7 8. Bb5 Ne4 9. Nc3 Nxg3 10. hxg3 Be6 11. Qa1 O-O 12. Ne2 f6 13. d4 e4 14. Nd2 Qd7 15. Nf4 Bf7 16. a5 a6 17. Be2 Rfe8 18. c4 Nb4 19. Kd1 Bf8 20. Bc3 c5 21. Bxb4 cxb4 22. Nxd5 Bxd5 23. cxd5 Kg7 24. Bc4 Qg4+ 25. Ke1 Bd6 26. Qa4 Rad8 27. Be2 Qc8 28. Nc4 Qd7 29. Qxd7+ Rxd7 30. Kd2 Bc7 31. d6 Bxd6 32. g4 Bb8 33. f3 f5 34. gxf5 gxf5 35. Rh5 Kg6 36. fxe4 Rxe4 37. Bf3 Re8 38. Kd3 Red8 39. g4 f4 40. Be4+ Kf6 41. g5+ Kg7 42. Rxh7+ Kg8 43. g6 fxe3 44. d5 Rxd5+ 45. Bxd5+ Rxd5+ 46. Kxe3 Ba7+ 47. Ke2 Rg5 48. Rxb7 Bc5 49. Rc7 Bd4 50. Rc6 Bc3 51. Rxa6 Kg7 52. Rb6 Rg2+ 53. Kd3 Ra2 54. a6 Be1 55. Ne3 Bc3 56. Nf5+ Kg8 57. Rb8# 1-0


[Site "https://www.chess.com"]

[Event "Titled Tuesday Blitz August 24 2021"]
[White "Temirkanov, David"]
[Black "Cunjalo, Faris"]
[WhiteFideId "4168534"]
[BlackFideId "14410710"]
[WhiteElo "2125"]
[BlackElo "2234"]
[Result "1/2-1/2"]
[Round "01"]
[TimeControl "180+1"]
[Date "2021.08.24"]
[WhiteClock "0:00:23"]
[BlackClock "0:01:25"]

1. e4 c5 2. Nf3 Nc6 3. c3 Nf6 4. e5 Nd5 5. Bc4 e6 6. O-O d6 7. exd6 Bxd6 8. d4 cxd4 9. cxd4 O-O 10. Nc3 Nxc3 11. bxc3 Be7 12. Qe2 b6 13. Re1 Bb7 14. Bf4 Rc8 15. Bd3 Re8 16. Rad1 Bf6 17. Ne5 Ne7 18. Bxh7+ Kxh7 19. Qh5+ Kg8 20. Qxf7+ Kh7 21. Qh5+ Kg8 22. Qf7+ Kh7 23. Re3 Nf5 24. Rh3+ Nh4 25. Qh5+ Kg8 26. Qf7+ Kh7 27. Qh5+ Kg8 28. Qf7+ Kh7 1/2-1/2


[Site "https://www.chess.com"]

[Event "Titled Tuesday Blitz August 24 2021"]
[White "Tiglon, Bryce"]
[Black "Martin Carmona, Gaston Manuel"]
[WhiteFideId "2087456"]
[BlackFideId "22284567"]
[WhiteElo "2829"]
[BlackElo "2161"]
[Result "1-0"]
[Round "01"]
[TimeControl "180+1"]
[Date "2021.08.24"]
[WhiteClock "0:01:19"]
[BlackClock "0:00:06"]

1. Nf3 Nf6 2. c4 g6 3. Nc3 Bg7 4. e4 d6 5. Be2 O-O 6. O-O c5 7. d4 cxd4 8. Nxd4 Nc6 9. Be3 Bd7 10. h3 Nxd4 11. Bxd4 Bc6 12. Qc2 a5 13. Rad1 a4 14. c5 Qa5 15. cxd6 exd6 16. Bf3 a3 17. b3 Rfe8 18. Rfe1 Rac8 19. Qd3 Nd7 20. Bxg7 Kxg7 21. Be2 Ne5 22. Qd4 Kg8 23. f4 Nd7 24. b4 Qc7 25. b5 Bxe4 26. Nxe4 d5 27. Qxd5 Nb6 28. Nf6+ Kf8 29. Nxe8 Qxf4 30. Qd6+ 1-0


[Site "https://www.chess.com"]

[Event "Titled Tuesday Blitz August 24 2021"]
[White "Tokman, Ariel"]
[Black "Terry, Renato"]
[WhiteFideId "117420"]
[BlackFideId "3803457"]
[WhiteElo "2345"]
[BlackElo "2581"]
[Result "0-1"]
[Round "01"]
[TimeControl "180+1"]
[Date "2021.08.24"]
[WhiteClock "0:00:31"]
[BlackClock "0:01:21"]

1. d4 e6 2. Bf4 Nf6 3. e3 b6 4. Nf3 Bb7 5. a4 Bd6 6. Bxd6 cxd6 7. Be2 O-O 8. O-O d5 9. Nbd2 Nc6 10. c3 d6 11. Qb3 Rb8 12. Qa3 e5 13. Rfc1 Ne4 14. Nxe4 dxe4 15. Nd2 d5 16. b4 Qg5 17. Nf1 f5 18. b5 Na5 19. Qd6 Rbe8 20. dxe5 f4 21. exf4 Qxf4 22. Ng3 Nb3 23. Re1 Qxf2+ 24. Kh1 Nxa1 25. Rxa1 Qf4 26. Qc7 Rf7 27. Qd6 Qxe5 28. Qb4 Rc7 29. Rc1 Rec8 0-1


[Site "https://www.chess.com"]